 Dungeon Crawl Stone Soup version 0.18.1-50-g88ac8fd (console) character file.

232 Gottschkopf the Magician (level 5, -5/28 HPs)
             Began as a Deep Elf Air Elementalist on Sept 30, 2016.
             Slain by a giant frog (6 damage)
             ... in a sewer.
             The game lasted 00:06:36 (2936 turns).

Gottschkopf the Magician (DEAE)                     Turns: 2936, Time: 00:06:37

Health: -5/28      AC:  3    Str:  5    XL:     5   Next: 73%
Magic:  0/16       EV: 18    Int: 21    God:
Gold:   128        SH:  3    Dex: 20    Spells: 5 memorised, 5 levels left

rFire  . . .     SeeInvis .     i - +2 short sword (elec)
rCold  . . .     Gourm    .     a - +0 robe
rNeg   . . .     Faith    .     (no shield)
rPois  .         Spirit   .     (no helmet)
rElec  .         Dismiss  .     (no cloak)
rCorr  .         Reflect  +     h - +0 pair of gloves (curse)
SustAt .         Harm     .     (no boots)
MR     .....                    s - +3 amulet of reflection
Stlth  ++........               (no ring)
                                (no ring)

@: agile, very slightly contaminated, repel missiles, not resistant to hostile
enchantments, unstealthy
A: no striking features
a: no special abilities


You were in a sewer.
You were not hungry.

You visited 1 branch of the dungeon, and saw 3 of its levels.
You also visited: Sewer.

You collected 128 gold pieces.

Inventory:

Hand Weapons
 i - a +2 short sword of electrocution (weapon)
Armour
 a - a +0 robe (worn)
 h - a cursed +0 pair of gloves (worn)
Jewellery
 s - a +3 amulet of reflection (around neck)
Wands
 m - a wand of paralysis (15/24)
Scrolls
 e - 3 scrolls of identify {unknown}
 f - 2 scrolls of recharging {unknown}
 g - 2 scrolls of enchant armour {unknown}
 j - a scroll of enchant weapon {unknown}
 o - a scroll of random uselessness {unknown}
 q - a scroll of fog {unknown}
 t - a scroll of fear {unknown}
Potions
 d - a potion of agility
 p - a potion of berserk rage {unknown}
 r - 2 potions of invisibility {unknown}
 v - a potion of lignification {unknown}
Books
 b - a book of Air

   Spells                             Type                      Level
   a - Shock                          Conjuration/Air              1
   b - Swiftness                      Charms/Air                   2
   c - Repel Missiles                 Charms/Air                   2
   d - Static Discharge               Conjuration/Air              3
   e - Lightning Bolt                 Conjuration/Air              5
Comestibles
 c - 4 bread rations
 l - a meat ration
 n - 3 chunks of flesh
 u - a beef jerky


   Skills:
 - Level 2.4 Dodging
 - Level 2.4 Stealth
 + Level 7.4 Spellcasting
 - Level 1.1 Conjurations
 + Level 3.9 Air Magic


You had 5 spell levels left.
You knew the following spells:

 Your Spells              Type           Power        Failure   Level  Hunger
a - Shock                 Conj/Air       ###.         3%          1    None
b - Repel Missiles        Chrm/Air       ###...       8%          2    None
c - Swiftness             Chrm/Air       ###.....     8%          2    None
d - Static Discharge      Conj/Air       ###.....     12%         3    None
e - Lightning Bolt        Conj/Air       ###.......   87%         5    #####..


Dungeon Overview and Level Annotations

Branches:
Dungeon (3/15)

Altars:
Cheibriados
Fedhas
Okawaru
Zin


Message History

The giant frog hits you.
* * * LOW HITPOINT WARNING * * *
The giant frog closely misses you.
Casting: Static Discharge
Confirm with . or Enter, or press ? or * to list all spells.
Aiming: Shock
Press: ? - help, Shift-Dir - straight line, f - giant frog
Aim: a giant frog (water, almost dead)
The zap misses the giant frog.
The giant frog closely misses you. The giant frog hits you.
* * * LOW HITPOINT WARNING * * *
Drink which item? (? for menu, Esc to quit)
It was a potion of agility.
You feel agile all of a sudden. The giant frog closely misses you.
Drink which item? (? for menu, Esc to quit)
It was a potion of curing.
You feel better. The giant frog hits you!
* * * LOW HITPOINT WARNING * * *
The giant frog hits you.
You die...

#######################
#.......≈≈..≈≈≈≈≈.....##
#.≈≈≈≈≈≈≈≈≈≈≈≈≈≈≈≈≈≈≈..#
#.≈≈≈≈≈≈≈≈≈≈≈≈≈≈≈≈≈≈≈≈.#
#≈≈≈≈≈≈≈≈≈≈≈≈≈≈≈≈≈≈≈≈≈.#
#≈.≈≈÷≈≈≈≈≈≈≈≈@≈..≈≈≈≈.#
#.########≈≈≈F≈≈≈≈.≈≈≈.#
#.# #≈≈†≈≈≈≈≈≈.≈≈≈.# #.#
#≈≈≈≈≈≈≈≈≈≈≈≈≈≈.# #.#
#≈≈≈≈≈≈≈≈≈≈≈≈≈≈.# #.#
#≈≈≈≈≈≈≈≈≈≈≈≈≈≈≈.# #≈#
#≈≈∩.≈≈≈≈≈≈≈≈≈≈≈.# #≈#
#≈≈≈.≈..≈≈≈≈≈≈≈≈.# #.#
≈≈≈≈≈.≈≈≈≈≈≈≈≈≈≈.#


You could see a giant frog.

Vanquished Creatures
  A giant frog (Sewer)
  A jelly (D:3)
  4 adders
  A river rat (D:3)
  An ooze (D:2)
  An adder skeleton (D:3)
  2 worms
  3 dart slugs
  4 giant geckos
  An orc (D:3)
  5 ball pythons
  3 bats
  8 giant cockroaches
  10 goblins
  8 hobgoblins
  3 jackals (D:2)
  2 quokkas
  2 giant newts (Sewer)
  4 kobolds
  6 rats
70 creatures vanquished.

Notes
Turn   | Place    | Note
--------------------------------------------------------------
     0 | D:1      | Gottschkopf the Deep Elf Air Elementalist began the quest for the Orb.
     0 | D:1      | Reached XP level 1. HP: 10/10 MP: 6/6
   230 | D:1      | Reached skill level 4 in Spellcasting
   230 | D:1      | Reached XP level 2. HP: 8/15 MP: 0/9
   239 | D:1      | Learned a level 2 spell: Repel Missiles
   242 | D:1      | Learned a level 2 spell: Swiftness
  1211 | D:2      | Reached XP level 3. HP: 19/19 MP: 7/11
  1216 | D:2      | Learned a level 3 spell: Static Discharge
  1232 | D:2      | Reached skill level 5 in Spellcasting
  1541 | D:2      | Found an iron altar of Okawaru.
  2050 | D:3      | Found a glowing silver altar of Zin.
  2086 | D:3      | Reached XP level 4. HP: 24/24 MP: 6/13
  2098 | D:3      | Reached skill level 6 in Spellcasting
  2230 | D:3      | Found a snail-covered altar of Cheibriados.
  2300 | D:3      | Found a blossoming altar of Fedhas.
  2565 | D:3      | Reached XP level 5. HP: 18/28 MP: 8/16
  2572 | D:3      | Found a glowing drain.
  2576 | Sewer    | Entered a sewer
  2811 | Sewer    | Learned a level 5 spell: Lightning Bolt
  2841 | Sewer    | Reached skill level 7 in Spellcasting
  2934 | Sewer    | HP: 1/28 [giant frog (5)]
  2936 | Sewer    | Slain by a giant frog

Skill      XL: |  1  2  3  4  5 |
---------------+----------------+-----
Spellcasting   | 4 5 6 7 |  7.4
Dodging        | |  2.4
Stealth        | |  2.4
Conjurations   | |  1.1
Air Magic      | |  3.9

Action                   |  1- 3 |  4- 6 || total
-------------------------+-------+-------++-------
Melee: Unarmed           |    16 |       ||    16
       Short sword       |     1 |       ||     1
 Cast: Shock             |    98 |    80 ||   178
       Repel Missiles    |     1 |       ||     1
       Static Discharge  |       |     3 ||     3
  Use: Potion            |       |     2 ||     2
  Eat: Chunk             |     3 |     3 ||     6
Armor: Robe              |     2 |     2 ||     4
Dodge: Dodged            |    13 |    13 ||    26
       Deflected         |     1 |       ||     1
Block: Other             |       |     5 ||     5
